Unix xNetHack Version 8.0.0 - last build Mar 23 2024 13:42:21 (1964348d4f5f1cf1067ea9968e02252fcc83c468). Game began 2024-03-23 22:41:17, ended 2024-03-24 09:37:58. HungryMotu, chaotic male orcish Barbarian -------------------------------- |..............................| |.-----|----------.{..------ -.| |.-.))|..| |---)|(((| |.| |.|.))|.{| |.)-)|(((| |.| |.|---------+ |..|.|...| |.|# |.| |. ... -+-----.--|----|%[# | |.| .- -.............|..|.|## -......| |.| |.| -+--..{....%..-..|%|# - -+--- |.| |.| |.-|---....----.|# |.|-----.| | |...-.........|## |.|((.|..|--- |...|------|-.|# |.|((.-~0|G.| |...| .|.|# ------+- -- |.|((.|.@@0.| |...| ..|.|# #|.........| |.-----.0-------------- ------.|######.<........| |..............................| ----------- -------------------------------- HungryMotu the Bandit St:18/01 Dx:18 Co:17 In:7 Wi:6 Ch:6 Chaotic S:2960 Dlvl:7 $:82 HP:0(45) Pw:15(15) AC:1 Xp:6/637 T:3001 Satiated Latest messages: The watchman gets angry! You hear the shrill sound of guards' whistles. The watchman wields a short sword! The gnome king punches you! The monkey punches you! The monkey tries to steal your dwarvish spear but gives up. The monkey misses! What do you want to read? [chrwWY or ?*] As you read the scroll, it disappears. This is an identify scroll. Y - an uncursed scroll of enchant weapon {5}. Z - an uncursed potion of gain ability {20}. F - an uncursed potion of confusion {20}. W - an uncursed scroll of earth {5}. The watchman thrusts his short sword. The watchman impales you! The gnome king misses! The monkey punches you! The monkey stole an uncursed wand of light. The monkey tries to run away with your wand of light. # Are you sure you want to pray? [yn] (n) You begin praying to Set. You are surrounded by a shimmering light. The gnome king starts to attack you, but pulls back. The watchman starts to attack you, but pulls back. The gnome king starts to attack you, but pulls back. The watchman starts to attack you, but pulls back. The gnome king starts to attack you, but pulls back. You finish your prayer. You feel that Set is well-pleased. What do you want to read? [chrWY or ?*] As you read the scroll, it disappears. The ceiling rumbles above you! The watchman is hit by a boulder! The watchman's helmet is only slightly protective. The gnome king is hit by a boulder! You are hit by a boulder! Your helmet only slightly protects you. You hear the howling of the CwnAnnwn... The gnome king punches you! You feel a bit steadier now. What do you want to read? [chrY or ?*] As you read the scroll, it disappears. Your helm turns to dust and is blown away! The watchman thrusts his short sword. The watchman impales you! You die... Do you want your possessions identified? [ynq] (y) Do you want to see your attributes? [ynq] (y) Inventory: Inventory: 880/950 weight (40/52 slots) Coins $ - 82 gold pieces {1} Weapons M - 3 blessed corroded +2 daggers (at the ready) {30} g - a +2 dagger {10} o - a +0 dagger {10} i - a blessed +0 dwarvish spear {35} k - a +0 dwarvish spear {35} l - a +0 wooden spear {11} q - a +0 dwarvish mattock (weapon in hands) {120} I - a +0 platinum dwarvish short sword {45} b - a +0 orcish short sword {30} Armor C - an uncursed +0 pair of copper dwarvish boots (being worn) {40} p - an uncursed +0 pair of platinum dwarvish boots {75} y - an uncursed +0 dwarvish cloak {10} D - an uncursed +0 leather dwarvish cloak (being worn) {12} K - an uncursed +0 mithril dwarvish ring mail (being worn) {113} m - a blessed +2 leather jacket {30} Comestibles e - an uncursed apple {2} R - an uncursed tripe ration {10} Scrolls Y - an uncursed scroll of enchant weapon {5} c - a cursed scroll of enchant weapon {5} r - a cursed scroll of light {5} Potions F - an uncursed potion of confusion {20} P - a cursed potion of confusion {20} O - an uncursed potion of extra healing {20} t - a cursed potion of extra healing {20} u - an uncursed potion of fruit juice {20} Z - an uncursed potion of gain ability {20} N - a cursed potion of healing {20} L - a cursed potion of restore ability {20} v - an uncursed potion of speed {20} Q - a cursed potion of speed {20} j - a potion of unholy water {20} Rings x - a cursed ring of cold resistance {3} z - a cursed ring of polymorph {3} f - an uncursed ring of protection from shape changers {3} Wands B - a cursed wand of opening (0:5) {7} Tools E - an uncursed credit card {1} J - a cursed magic whistle {3} H - an uncursed tallow candle {2} n - a blessed wax candle {2} G - a cursed wax candle {2} HungryMotu the Barbarian's attributes: Background: You were a Bandit, a level 6 male orcish Barbarian. You were chaotic, on a mission for Set who was opposed by Mitra (lawful) and Crom (neutral). You were heterosexual. You were in the Gnomish Mines, on level 7. You entered the dungeon 3001 turns ago. There was a full moon in effect when your adventure ended. You had 637 experience points, 3 more were needed to attain level 7. Your score was 2960 before end-of-game adjustments. Basics: You had 0 out of 45 hit points. You had all 15 energy points (spell power). Your armor class was 3. Your wallet contained 82 zorkmids. Autopickup was off. Final Characteristics: Your strength was 18/01 (limit:18/50). Your dexterity was 18 (limit:18). Your constitution was 17 (limit:18). Your intelligence was 7 (limit:16). Your wisdom was 6 (limit:16). Your charisma was 6 (limit:16). Final Status: You were satiated. You were unencumbered. You were wielding a mattock. You had basic skill with pick-axe. Final Attributes: You were piously aligned. You were poison resistant. You had infravision. You were guarded. You were lucky. You are dead. Miscellaneous: You encountered 1 bones level. Total elapsed playing time was 35 minutes and 26 seconds. Major events: Turn 1: HungryMotu the chaotic male orcish Barbarian entered the dungeon 761: entered the Gnomish Mines 771: attained the rank of Pillager (level 3) 1806: attained the rank of Bandit (level 6) 2783: destroyed openorion's ghost, the former Pillager 3001: killed by a watchman Vanquished creatures: a leprechaun a ghost an imp a rock mole a yellow light a shrieker 5 gnome leaders 2 gnomish wizards a straw golem a floating eye a kitten 7 dwarves 4 monkeys an iguana an acid blob a gas spore 2 hobbits a manes a giant rat a green mold 29 gnomes 4 garter snakes 7 jackals 2 foxes a goblin 3 sewer rats 5 grid bugs 4 lichens a kobold zombie 2 newts 93 creatures vanquished. No species were genocided or became extinct. Voluntary challenges: You read items or engraved 5 times. You never genocided any monsters. You never polymorphed an object. You never changed form. You never touched an artifact. You used no wishes. You never scared an enemy with impunity. You were celibate. You never generated conflict. Achievements: You entered the Gnomish Mines. You attained the rank of Pillager. You attained the rank of Bandit. You entered a shop. Dungeon overview: The Dungeons of Doom: levels 1 to 4 Level 1: A fountain. Level 2: An altar to Set. Level 3: Stairs down to The Gnomish Mines. Level 4: The Gnomish Mines: levels 4 to 7 Level 4: Level 5: Level 6: A grave. Final resting place for openorion-Bar-Orc-Mal-Cha, killed by a dwarf. Level 7: <- You were here. Many shops, some fountains, a sink. Final resting place for you, killed by a watchman. Game over: __________ / \ / REST \ / IN \ / PEACE \ / \ | HungryMotu | | 82 Au | | killed by a | | watchman | | | | | | 2024 | *| * * * | * _________)/\\_//(\/(/\)/\//\/|_)_______ Goodbye HungryMotu the Barbarian... You died in The Gnomish Mines on dungeon level 7 with 2952 points, and 82 pieces of gold, after 3001 moves. You were level 6 with a maximum of 45 hit points when you died.